Map: Sequencer LE

Players

Scarlett

  • Race: Zerg Zerg
  • Spawn Location: 1:00

Elazer - Winner!

  • Race: Zerg Zerg
  • Spawn Location: 7:00

Event: WCS Jonkoping 2017

VOD

Have the link to the VOD?

Description

Time

  • Played on: June 18, 2017, 7:46 a.m.
  • Length: 10:00

All games in this series

Show
View Real Time Build Order
Export as new Build Order

Scarlett Zerg 

Build Orders: Hatch First 

Get SALT Encoding   

  12  0:00  Drone  
  13  0:12  Overlord  
  13  0:17  Drone  
  14  0:31  Drone x2  
  14  0:35  Drone  
  17  0:51  Hatchery  
  17  0:55  Drone  
  17  0:58  Drone  
  18  1:11  Spawning Pool  
  17  1:14  Drone  
  17  1:18  Drone  
  19  1:29  Drone  
  20  1:40  Hatchery  
  20  1:43  Drone  
  20  1:55  Drone  
  20  2:01  Drone  
  22  2:03  Queen  
  22  2:04  Drone  
  25  2:08  Queen  
  25  2:14  Overlord  
  27  2:16  Drone  
  28  2:32  Drone x2  
  28  2:36  Drone  
  31  2:38  Drone  
  31  2:39  Queen  
  31  2:43  Overlord  
  34  2:49  Drone  
  35  2:52  Queen  
  35  2:53  Drone x2  
  39  3:01  Drone  
  39  3:02  Drone  
  39  3:05  Drone  
  42  3:09  Extractor  
  42  3:10  Extractor  
  42  3:12  Drone x4  
  44  3:18  Spine Crawler, Drone x2, Overlord  
  45  3:31  Queen  
  45  3:33  Roach Warren, Evolution Chamber  
  45  3:35  Drone x2  
  45  3:37  Drone  
  45  3:39  Drone x2  
  45  3:41  Drone  
  51  3:43  Drone  
  51  3:45  Drone x2  
  54  3:52  Evolution Chamber  
  54  3:53  Zergling x2  
  54  3:54  Zergling x4  
  54  3:59  Zergling x2  
  53  4:05  Drone  
  52  4:12  Drone x4  
  52  4:13  Drone x2  
  58  4:18  Overlord  
  58  4:20  Lair  
  57  4:24  Overlord  
  57  4:36  Drone x2, Overlord  
  57  4:38  Extractor, Zerg Missile Weapons Level 1  
  58  4:39  Extractor, Drone x3  
  58  4:40  Drone  
  61  4:47  Drone  
  61  4:49  Drone x2  
  64  4:57  Extractor  
  64  4:58  Drone x2  
  64  4:59  Queen  
  67  5:01  Drone x4  
  67  5:04  Zerg Ground Armor Level 1  
  71  5:07  Drone  
  71  5:09  Overlord  
  71  5:13  Overlord  
  71  5:14  Roach x3  
  78  5:20  Overseer  
  75  5:22  Overseer  
  75  5:23  Roach x2  
  75  5:24  Roach  
  80  5:31  Glial Reconstitution  
  80  5:36  Overlord x2  
  80  5:49  Roach x9  
  98  5:55  Drone  
  99  5:57  Hydralisk Den  
  99  5:59  Hatchery  
  97  6:16  Overlord x2  
  97  6:21  Drone x7  
  97  6:22  Drone x5  
  109  6:26  Roach x2  
  109  6:29  Overlord  
  113  6:33  Lurker Den  
  113  6:36  Roach x5  
  123  6:42  Overlord  
  123  6:48  Overlord x3  
  123  6:50  Zerg Missile Weapons Level 2  
  123  6:53  Extractor  
  122  6:56  Roach x3  
  128  7:02  Overlord  
  128  7:03  Hydralisk x2  
  132  7:09  Spore Crawler  
  132  7:10  Drone x2  
  132  7:11  Spore Crawler, Hydralisk  
  134  7:20  Infestation Pit, Spore Crawler, Hydralisk x2  
  136  7:26  Drone x2  
  136  7:27  Spore Crawler, Hydralisk  
  136  7:28  Hydralisk  
  141  7:35  Zerg Ground Armor Level 2  
  141  7:39  Hydralisk  
  141  7:40  Spore Crawler, Hydralisk x2  
  146  7:45  Overlord  
  146  7:46  Overlord  
  146  8:00  Hydralisk, Muscular Augments  
  146  8:01  Hydralisk x3  
  152  8:17  Extractor  
  149  8:22  Roach x3  
  149  8:23  Roach x10  
  165  8:29  Roach  
  165  8:30  Roach x5  
  165  8:34  Roach x2  
  159  8:43  Roach  
  159  8:44  Roach x4  
  135  8:52  Roach x3  
  121  8:56  Roach  
  121  8:57  Roach  
  107  9:02  Roach  
  107  9:03  Roach x3  
  101  9:10  Roach x3  
  105  9:17  Hydralisk x2  
  105  9:22  Hydralisk  
  110  9:38  Roach  
  110  9:39  Roach x5  
  110  9:43  Lurker  
Show
View Real Time Build Order
Export as new Build Order

Elazer Zerg - Winner!

Build Orders: Hatch First 

Get SALT Encoding   

  12  0:00  Drone  
  13  0:12  Overlord  
  13  0:16  Drone  
  14  0:31  Drone x2  
  14  0:34  Drone  
  17  0:52  Hatchery  
  17  0:54  Drone  
  17  0:57  Drone  
  18  1:07  Extractor  
  17  1:12  Spawning Pool  
  17  1:15  Drone  
  18  1:18  Drone  
  18  1:27  Drone  
  19  1:38  Overlord  
  19  1:49  Drone  
  20  1:59  Queen  
  20  2:00  Drone  
  23  2:03  Queen  
  23  2:05  Drone  
  23  2:06  Metabolic Boost  
  26  2:11  Drone  
  26  2:15  Drone  
  28  2:29  Hatchery  
  27  2:32  Drone  
  28  2:37  Queen  
  28  2:41  Drone  
  28  2:43  Drone  
  32  2:47  Overlord  
  32  2:50  Zergling x2  
  33  2:52  Drone  
  33  2:54  Drone  
  33  2:57  Drone  
  36  3:06  Zergling x2  
  36  3:07  Zergling x6  
  36  3:12  Zergling x6  
  43  3:13  Zergling x2  
  43  3:19  Overlord  
  44  3:38  Drone x4  
  48  3:42  Overlord  
  48  3:43  Drone  
  48  3:44  Drone x2  
  48  3:46  Drone x2  
  48  3:47  Drone x2  
  53  3:51  Drone  
  53  3:52  Drone  
  54  3:58  Overlord  
  54  4:04  Extractor  
  54  4:05  Evolution Chamber, Drone  
  54  4:07  Drone  
  54  4:08  Drone  
  54  4:10  Drone x2  
  54  4:11  Drone  
  54  4:14  Drone x2  
  57  4:19  Lair, Drone  
  57  4:20  Extractor, Drone x3  
  57  4:22  Drone  
  60  4:24  Overlord  
  60  4:25  Drone  
  60  4:27  Drone  
  60  4:31  Zerg Missile Weapons Level 1  
  62  4:33  Drone, Overlord  
  63  4:41  Overlord  
  63  4:42  Extractor  
  63  4:44  Zergling x4  
  63  4:49  Zergling x4  
  63  4:50  Drone x5  
  70  4:55  Roach Warren  
  70  4:57  Extractor, Drone x3  
  70  4:58  Drone  
  72  5:01  Extractor  
  72  5:04  Drone  
  72  5:05  Drone  
  73  5:08  Overlord  
  73  5:10  Drone  
  73  5:12  Drone  
  75  5:19  Overlord  
  73  5:23  Spire  
  73  5:26  Drone  
  73  5:29  Overlord  
  73  5:33  Drone x3  
  73  5:35  Glial Reconstitution, Unknown  
  74  5:44  Hatchery  
  74  5:45  Overlord  
  74  5:49  Overseer  
  73  5:51  Roach x2  
  73  5:52  Roach x3  
  83  5:59  Roach x3  
  83  6:00  Roach x2  
  93  6:10  Roach x5  
  102  6:11  Overlord  
  102  6:20  Drone  
  102  6:24  Evolution Chamber  
  102  6:25  Zerg Missile Weapons Level 2  
  102  6:33  Overlord x2  
  102  6:34  Mutalisk x6  
  102  6:36  Mutalisk  
  102  6:39  Drone  
  118  6:40  Drone x4  
  118  6:42  Overlord  
  121  6:50  Roach x2  
  121  6:52  Zerg Ground Armor Level 1  
  125  6:55  Overlord  
  125  6:56  Infestation Pit  
  125  6:57  Roach  
  125  7:00  Unknown x2  
  126  7:04  Roach x6  
  138  7:08  Roach  
  138  7:09  Roach x2  
  138  7:13  Overlord  
  147  7:15  Roach  
  147  7:16  Unknown, Roach x4  
  147  7:20  Roach  
  147  7:21  Roach  
  159  7:27  Overlord  
  159  7:28  Overlord  
  159  7:32  Roach  
  159  7:33  Roach x4  
  169  7:39  Roach x3  
  175  7:45  Overlord x2  
  175  7:47  Roach x5  
  175  7:51  Roach  
  187  7:56  Roach x2  
  192  8:05  Ravager x2  
  192  8:06  Ravager x3  
  192  8:12  Roach x3  
  200  8:16  Infestation Pit  
  200  8:17  Extractor  
  196  8:20  Drone x3  
  177  8:46  Roach x12  
  173  8:50  Roach x5  
  173  8:51  Roach x4  
  174  8:59  Roach  
  174  9:00  Roach  
  174  9:02  Overlord  
  156  9:04  Roach  
  150  9:10  Roach x2  
  150  9:13  Roach x2  
  154  9:21  Roach x2  
  158  9:25  Hatchery, Roach x2  
  158  9:30  Roach x2  
  165  9:38  Roach  
  165  9:39  Roach x9  
  165  9:42  Overlord  
  179  9:48  Overseer  
Tags
 
Add a new tag
Caveats
  • Supply blocks, unpowered buildings, or Contaminate may cause inaccurate times.
  • Supply counts are checked every 10 seconds.